 Dungeon Crawl Stone Soup version 0.20.1-1-g8b1a95d (webtiles) character file.

126 tidbits the Insei (level 4, -1/34 HPs)
             Began as a Demigod Transmuter on Aug 20, 2017.
             Slain by a leopard gecko (3 damage)
             ... on level 5 of the Dungeon.
             The game lasted 00:11:14 (1392 turns).

tidbits the Insei (Demigod Transmuter)              Turns: 1392, Time: 00:11:15

Health: -1/34      AC:  2    Str: 13    XL:     4   Next: 55%
Magic:  1/9        EV: 12    Int: 19    God:
Gold:   76         SH:  0    Dex: 16    Spells: 1/7 levels left

rFire    . . .     SeeInvis .     - Unarmed
rCold    . . .     Gourm    .   (no shield)
rNeg     . . .     Faith    .   b - +0 robe
rPois    .         Spirit   .   (no helmet)
rElec    .         Reflect  .   (no cloak)
rCorr    .         Harm     .   (no gloves)
MR       .....                  (no boots)
Stlth    +.........             (no amulet)
Regen    0.2/turn               h - ring of flight
MPRegen  0.2/turn               (no ring)

@: very slightly contaminated
A: high mp 1
a: Evoke Flight


You were on level 5 of the Dungeon.
You were very hungry.

You visited 1 branch of the dungeon, and saw 5 of its levels.

You collected 76 gold pieces.

Inventory:

Missiles
 a - 19 arrows
 m - 24 stones (quivered)
Armour
 b - a +0 robe (worn)
Jewellery
 h - a ring of flight (left hand)
   (You found it on level 1 of the Dungeon)
Scrolls
 e - 3 scrolls of remove curse
 i - 2 scrolls of identify
 j - a scroll of random uselessness {unknown}
 k - a scroll of fear {unknown}
 l - a scroll of teleportation {unknown}
 o - a scroll of immolation {unknown}
Potions
 g - 2 potions of brilliance
Books
 c - a book of Changes

   Spells                             Type                      Level
   a - Beastly Appendage              Transmutation                1
   b - Sticks to Snakes               Transmutation                2
   c - Spider Form                    Transmutation/Poison         3
   d - Ice Form                       Ice/Transmutation            4
   e - Blade Hands                    Transmutation                5
Comestibles
 d - a bread ration
 f - 2 fruits
 n - 2 meat rations


   Skills:
 - Level 0.8 Fighting
 - Level 1.7 Dodging
 * Level 4.4 Unarmed Combat
 - Level 2.1 Spellcasting
 + Level 2.6 Transmutations


You had one spell level left.
You knew the following spells:

 Your Spells              Type           Power        Failure   Level  Hunger
e - Beastly Appendage     Tmut           ##....       5%          1    #......
k - Sticks to Snakes      Tmut           ##......     9%          2    ##.....
p - Spider Form           Tmut/Pois      #.........   28%         3    ###....


Dungeon Overview and Level Annotations

Branches:
Dungeon (5/15)
 Temple: D:4-7


Innate Abilities, Weirdness & Mutations

You have an increased reservoir of magic. (+10% MP)


Message History

The hound misses you. The hound completely misses you.
Your transformation is almost over.
The hound completely misses you.
You hit the hound.
You kill the hound!
Your transformation has ended.
Your +0 robe unmelds from your body.
Found a dagger and 9 stones.
Casting: Spider Form
Confirm with . or Enter, or press ? or * to list all spells.
You create a snake!
You now have 20 arrows.
The phantom blinks!
Your adder bites the ogre.
The ogre is poisoned.
Your adder poisons the ogre!
The frilled lizard misses your adder.
Your adder bites the ogre.
Found a stone staircase leading down.
A worm comes into view.
There is a stone staircase leading down here.
Your adder barely misses the ogre.
Some of the chunks of flesh in your inventory have rotted away.
Found 2 gold pieces.
Your adder bites the ogre.
The ogre hits your adder with a giant spiked club!!
Your adder dies!
The ogre shouts!
The ogre looks more healthy.
You aren't carrying any items that you can evoke.
Unknown command.
Casting: Sticks to Snakes
Confirm with . or Enter, or press ? or * to list all spells.
You create a snake!
You now have 19 arrows.
Your ball python bites the ogre but does no damage.
You see here a robe.
Your ball python bites the ogre.
Your ball python barely misses the ogre.
Found 13 bolts.
Your ball python barely misses the ogre.
The phantom blinks!
You see here 13 bolts.
Casting: Sticks to Snakes
Confirm with . or Enter, or press ? or * to list all spells.
You miscast Spider Form.
You are very lightly contaminated with residual magic.
Your skin tingles.
The ogre closely misses you.
Your ball python completely misses the ogre.
Casting: Spider Form
Confirm with . or Enter, or press ? or * to list all spells.
You don't have enough magic to cast that spell.
Your ball python bites the ogre but does no damage.
Casting: Spider Form
Confirm with . or Enter, or press ? or * to list all spells.
You don't have enough magic to cast that spell.
Okay, then.
Okay, then.
Your ball python withers and dies!
The frilled lizard bites you.
* * * LOW HITPOINT WARNING * * *
The phantom blinks!
The frilled lizard completely misses you.
The phantom closely misses you. The phantom barely misses you.
Autopickup is now off.
You see here a scroll of identify.
A leopard gecko comes into view.
A bullfrog skeleton comes into view.
The leopard gecko hisses angrily.
The phantom blinks!
The leopard gecko misses you.
The bullfrog skeleton hits you but does no damage.
Your magical contamination has completely faded away.
The leopard gecko bites you.
* * * LOW HITPOINT WARNING * * *
The bullfrog skeleton barely misses you.
All of the chunks of flesh in your inventory have rotted away.
The phantom blinks!
Found a stone staircase leading down.
You barely miss the phantom. The leopard gecko bites you.
* * * LOW HITPOINT WARNING * * *
The phantom closely misses you.
Unknown command.
The leopard gecko closely misses you.
The phantom hits you but does no damage.
The bullfrog skeleton misses you. The phantom completely misses you.
The bullfrog skeleton hits you.
* * * LOW HITPOINT WARNING * * *
The leopard gecko bites you but does no damage.
There is a stone staircase leading down here.
You are feeling very hungry.
The leopard gecko bites you.
* * * LOW HITPOINT WARNING * * *
You climb downwards.
There is a stone staircase leading up here.
Casting: Spider Form
Confirm with . or Enter, or press ? or * to list all spells.
You miscast Spider Form.
You are very lightly contaminated with residual magic.
Your body is twisted painfully.
* * * LOW HITPOINT WARNING * * *
The leopard gecko bites you.
You die...

.# .###
.....
....
...#
#..
##l#
#@#
#...##
.....#.
###. ##
#. #


You could see a leopard gecko.

Vanquished Creatures
  A hound (D:4)
  A gnoll (D:2)
  2 adders (D:2)
  An ooze (D:2)
  3 worms
  2 dart slugs
  A leopard gecko (D:2)
  A giant cockroach (D:2)
  6 goblins
  4 hobgoblins
  3 jackals (D:1)
  3 kobolds
  A ball python (D:2)
  4 bats
  3 frilled lizards (D:2)
  3 rats
39 creatures vanquished.

Vanquished Creatures (collateral kills)
  A gnoll (D:2)
  A giant cockroach (D:1)
  2 goblins
  2 kobolds
  A bat (D:2)
  A frilled lizard (D:1)
  2 rats
10 creatures vanquished.

Grand Total: 49 creatures vanquished

Notes
Turn   | Place    | Note
-------+----------+-------------------------------------------
     0 | D:1      | tidbits the Demigod Transmuter began the quest for the Orb.
     0 | D:1      | Reached XP level 1. HP: 15/15 MP: 5/5
    79 | D:1      | Reached skill level 3 in Unarmed Combat
   270 | D:2      | Reached XP level 2. HP: 19/22 MP: 5/7
   274 | D:2      | Learned a level 2 spell: Sticks to Snakes
   449 | D:2      | Found a blossoming altar of Fedhas.
   742 | D:1      | Reached XP level 3. HP: 15/27 MP: 8/8
   830 | D:2      | Reached skill level 2 in Spellcasting
   888 | D:3      | Learned a level 3 spell: Spider Form
   932 | D:3      | Reached skill level 2 in Transmutations
  1155 | D:2      | Reached skill level 4 in Unarmed Combat
  1255 | D:2      | Reached XP level 4. HP: 30/34 MP: 2/9
  1269 | D:2      | You fall through a shaft for 2 floors!
  1269 | D:4      | Noticed an ogre
  1269 | D:4      | Noticed a phantom
  1272 | D:4      | HP: 3/34 [phantom (2)]
  1391 | D:5      | Entered Level 5 of the Dungeon
  1392 | D:5      | HP: 2/34 [something (4)]
  1392 | D:5      | Slain by a leopard gecko

Skill      XL: |  1  2  3 |
---------------+----------+-----
Unarmed Combat | 3 4 |  4.4
Spellcasting   | 2 |  2.1
Transmutations | 2 |  2.6
Fighting       | |  0.8
Dodging        | |  1.7

Action                   |  1- 3 |  4- 6 || total
-------------------------+-------+-------++-------
Melee: Unarmed           |   103 |     8 ||   111
       Kick              |    10 |       ||    10
       Headbutt          |     5 |       ||     5
       Punch             |     3 |       ||     3
 Cast: Beastly Appendage |    19 |       ||    19
       Sticks to Snakes  |    12 |     2 ||    14
       Spider Form       |     4 |     2 ||     6
  Use: Scroll            |     1 |     1 ||     2
 Stab: Sleeping          |     3 |       ||     3
       Distracted        |     1 |       ||     1
  Eat: Chunk             |     3 |       ||     3
Armor: Robe              |    14 |     3 ||    17
       Skin              |     2 |       ||     2
Dodge: Dodged            |    63 |    18 ||    81

Table legend:
 A = Turns spent in this place as a percentage of turns spent in the entire game.
 B = Non-inter-level travel turns spent in this place as a percentage of non-inter-level travel turns spent in the entire game.
 C = Inter-level travel turns spent in this place as a percentage of turns spent in this place.
 D = Turns resting spent in this place as a percentage of non-inter-level travel turns spent in this place.
 E = Turns spent auto-exploring this place as a percentage of non-inter-level travel turns spent in this place.
 F = Non-inter-level travel turns spent in this place divided by the number of levels of this place that you've seen.
                   A       B       C       D       E      F
               +-------+-------+-------+-------+-------+----------------------
         Total | 100.0 | 100.0 |   0.1 |   0.0 |   0.0 | 267.0
       Dungeon | 100.0 | 100.0 |   0.1 |   0.0 |   0.0 | 267.0
               +-------+-------+-------+-------+-------+----------------------

Table legend:
 A = Kills in this place as a percentage of kills in entire the game.
 B = Kills by you in this place as a percentage of kills by you in the entire game.
 C = Kills by friends in this place as a percentage of kills by friends in the entire game.
 D = Other kills in this place as a percentage of other kills in the entire game.
 E = Experience gained in this place as a percentage of experience gained in the entire game.
 F = Experience gained in this place divided by the number of levels of this place that you have seen.
                   A       B       C       D       E      F
               +-------+-------+-------+-------+-------+----------------------
         Total | 100.0 | 100.0 | 100.0 |  -nan | 100.0 |  36.2
       Dungeon | 100.0 | 100.0 | 100.0 |  -nan | 100.0 |  36.2
               +-------+-------+-------+-------+-------+----------------------

Vault maps used:
D:1:      sevenhm_arrival_forest_fort_large_2
D:2:      nicolae_overflow_crystal_walls
D:3:      chequers_ecumenical_altar_simple, minmay_misc_feat_five
D:4:      first_bread, kennysheep_generic_room_2, uniq_robin
D:5:      cheibrodos_two_vegetables, grunt_gozag_breadcrumbs,
          lemuel_zombie_altar_yredelemnul, minmay_temple_entry_nine_rooms,
          serial_shops, shop
